 Dungeon Crawl Stone Soup version 0.30-b1-2-g02819fbbbe (webtiles) character file.

Game seed: 2701156397468186919

87 sanka the Gusty (level 4, 0/33 HPs)
             Began as a Demigod Air Elementalist on May 20, 2023.
             Killed by their own static electricity (2 damage)
             ... on level 3 of the Dungeon.
             The game lasted 00:03:32 (2929 turns).

sanka the Gusty (Demigod Air Elementalist)          Turns: 2929, Time: 00:03:33

Health: 0/33       AC:  4    Str:  9    XL:     4   Next: 7%
Magic:  3/9        EV: 12    Int: 27    God:
Gold:   62         SH:  0    Dex: 14    Spells: 1/7 levels left

rFire   . . .        a - +3 club (spect)
rCold   . . .        (no shield)
rNeg    . . .        m - +2 robe {Will+}
rPois   .            (no helmet)
rElec   .            (no cloak)
rCorr   .            (no gloves)
SInv    .            (no boots)
Will    +....        (no amulet)
Stlth   ++           r - +6 ring of intelligence
HPRegen 0.25/turn    (no ring)
MPRegen 0.11/turn

%: no passive effects
@: weakened
A: high MP 1, forlorn, divine attributes
a: no special abilities


You were on level 3 of the Dungeon.
You visited 1 branch of the dungeon, and saw 4 of its levels.

You collected 146 gold pieces.
You spent 84 gold pieces at shops.

Inventory:

Hand Weapons
 a - a +3 spectral club (weapon)
Missiles
 k - 2 throwing nets {=f}
Armour
 m - a +2 robe of willpower (worn)
Jewellery
 r - a +6 ring of intelligence (left hand)
Wands
 l - a wand of mindburst (11)
 s - a wand of paralysis (7)
Scrolls
 c - a scroll of amnesia {unknown}
 d - 3 scrolls of identify {unknown}
 f - 2 scrolls of vulnerability {unknown}
 n - a scroll of magic mapping {unknown}
 p - a scroll of teleportation {@r4}
Potions
 b - a potion of magic
 e - a potion of flight {unknown}
 g - 2 potions of haste {unknown}
 h - 2 potions of invisibility {unknown}
 i - 3 potions of heal wounds {unknown}
 j - a potion of might {unknown}
 o - 3 potions of attraction {unknown}
 q - 2 potions of curing {@q1}


   Skills:
 - Level 1.7 Dodging
 - Level 1.7 Stealth
 - Level 2.0 Spellcasting
 + Level 3.2 Conjurations
 + Level 3.2 Air Magic


You had one spell level left.
You knew the following spells:

 Your Spells              Type           Power      Damage    Failure   Level
a - Shock                 Conj/Air       80%        1d8       2%          1
b - Static Discharge      Conj/Air       40%        2-4/arc   4%          2
c - Swiftness             Air            20%        N/A       8%          3

Your spell library contained the following spells:

 Spells                   Type           Power      Damage    Failure   Level
 Sting                    Tmut/Pois      8%         1d3       10%         1
 Poisonous Vapours        Pois/Air       22%        N/A       8%          2
 Ensorcelled Hibernation  Hex/Ice        4%         N/A       14%         2
 Passwall                 Tmut/Erth      1%         N/A       14%         2
 Airstrike                Air            10%        2d(2-18)  26%         4
 Olgreb's Toxic Radiance  Pois           2%         N/A       67%         4


Dungeon Overview and Level Annotations

Branches:
Dungeon (4/15)
 Temple: D:4-7

Shops:
D:3 *=**


Innate Abilities, Weirdness & Mutations

You have an increased reservoir of magic. (+10% MP)
You shall have no god before yourself.
Your divine heritage dramatically boosts your attributes as you level up.


Message History

You climb upwards.
There is a stone staircase leading down here.
Unknown command.
Unknown command.
You feel better. The gnoll barely misses you.
The gnoll bouda barks out a call to the hunt!
The gnoll picks up the pace!
Casting: Static Discharge (safe; 4% risk of failure)
Confirm with . or Enter, or press ? or * to list all spells.
The gnoll bouda is struck by an arc of lightning.
The gnoll bouda is heavily wounded.
You are struck by an arc of lightning.
The gnoll bouda is struck by an arc of lightning.
The gnoll bouda is severely wounded.
The lightning grounds out.
The gnoll is struck by an arc of lightning.
The gnoll is heavily wounded.
You are struck by an arc of lightning.
* * * LOW HITPOINT WARNING * * *
The lightning grounds out.
The gnoll hits you with a +0 flail.
* * * LOW HITPOINT WARNING * * *
The gnoll bouda barely misses you.
Unknown command.
Casting: Static Discharge (safe; 4% risk of failure)
Confirm with . or Enter, or press ? or * to list all spells.
The gnoll bouda is struck by an arc of lightning.
The gnoll bouda is severely wounded.
You are struck by an arc of lightning.
* * * LOW HITPOINT WARNING * * *
The gnoll is struck by an arc of lightning.
The gnoll is severely wounded.
The lightning grounds out.
The gnoll is struck by an arc of lightning.
You kill the gnoll!
You are struck by an arc of lightning.
* * * LOW HITPOINT WARNING * * *
The gnoll bouda is struck by an arc of lightning.
You kill the gnoll bouda!
You are struck by an arc of lightning.
You die...

..####..).....#............÷.....
#...##...................#...####
.....##.....#(.##.....#...÷..####
......#.###.##........#...∩.....#
........[##...............##.....
......##..<###.#........######...
.....#####.###.....#.....## #...
#...## #...###).........## #...
##### ###..##@#.........###...
..## #######....)#....#.....##...
...###........###..#.###.∩.......
....#.>#..........##.# ##........
....#.##.........###.# #.##.....
......##<.......## #∩## #.###.)##
...#####........## #..# #.# #....
...#.............####.###.###...#
.....###.......#..# #..##.....#..


There were no monsters in sight!

Vanquished Creatures
  A gnoll bouda (D:3)
  Jessica (D:2)
  A gnoll (D:3)
  2 adders
  An orc (D:3)
  3 ball pythons
  3 bats
  7 endoplasms
  3 giant cockroaches
  6 goblins
  2 hobgoblins (D:1)
  A quokka (D:2)
  4 frilled lizards
  4 kobolds
  3 rats
42 creatures vanquished.

Notes
Turn   | Place    | Note
-------+----------+-------------------------------------------
     0 | D:1      | sanka the Demigod Air Elementalist began the quest for the
                  | Orb.
     0 | D:1      | Reached XP level 1. HP: 14/14 MP: 5/5
   124 | D:1      | Reached skill level 1 in Conjurations
   583 | D:1      | Reached XP level 2. HP: 20/20 MP: 5/7
  1271 | D:2      | Learned a level 2 spell: Static Discharge
  1329 | D:2      | Reached XP level 3. HP: 26/26 MP: 5/8
  1333 | D:2      | Learned a level 3 spell: Swiftness
  1723 | D:2      | Noticed Jessica
  1725 | D:2      | Killed Jessica
  2372 | D:3      | Found Amennony's General Store.
  2392 | D:3      | Reached XP level 4. HP: 33/33 MP: 3/9
  2446 | D:3      | Bought a scroll of teleportation for 42 gold pieces
  2446 | D:3      | Bought a potion of curing for 42 gold pieces
  2509 | D:3      | Found Isoiwam's General Store.
  2519 | D:3      | Found Jome's Jewellery Boutique.
  2705 | D:3      | Found Zonoi's General Store.
  2929 | D:3      | Killed from afar by themself

Illustrated notes

Levels and vault maps discovered:
D:1:      scummos_arrival_gate, layout_loops_ring,
          hellmonk_ecumenical_altar_prayer_group, kennysheep_small_spiral,
          minmay_misc_feat_encased
D:2:      layout_loops_corners, minmay_misc_feat_iff, uniq_jessica
D:3:      layout_rooms, serial_shops, shop, shop, shop, nicolae_lakefront_shop
D:4:      layout_basic, mainiacjoe_overflow_small_starburst

Skill      XL: |  1  2  3 |
---------------+----------+-----
Conjurations   | 1 2 3 |  3.2
Spellcasting   | 2 |  2.0
Air Magic      | 3 |  3.2
Dodging        | |  1.7
Stealth        | |  1.7

Action                     |  1- 3 |  4- 6 || total
---------------------------+-------+-------++-------
   Cast: Shock             |    64 |     7 ||    71
         Static Discharge  |       |     2 ||     2
    Use: Potion            |       |     1 ||     1
  Dodge: Dodged            |     2 |     4 ||     6
